 Dungeon Crawl Stone Soup version 0.19-a0-934-gf1df8d1 (webtiles) character file.

8564 retryentry the Carver (level 10, 0/91 HPs)
             Began as a Demigod Fighter on July 7, 2016.
             Slain by a chaos spawn (5 damage)
             ... on level 2 of the Orcish Mines.
             The game lasted 00:25:47 (11653 turns).

retryentry the Carver (Demigod Fighter)            Turns: 11653, Time: 00:25:48

Health: 0/91       AC: 17    Str: 19    XL:     10   Next: 87%
Magic:  17/17      EV:  4    Int: 12    God:
Gold:   553        SH:  9    Dex: 22    Spells: 0 memorised, 9 levels left

rFire  . . .     SeeInvis .     O - +3 double sword (protect)
rCold  . . .     Gourm    .     T - +0 chain mail
rNeg   . . .     Faith    .     c - +0 shield
rPois  .         Spirit   .     (helmet restricted)
rElec  .         Dismiss  .     I - +0 cloak
rCorr  .         Reflect  .     (no gloves)
SustAt +         Harm     .     (no boots)
MR     ++...                    (no amulet)
Stlth  ..........               E - +3 ring of protection
                                w - ring of protection from magic

@: about to teleport, drained, very resistant to hostile enchantments, extremely
unstealthy
A: horns 1, rough black scales 1, agile 1, blurry vision 2, deformed body, high
mp 1, sense surroundings 1, slow regeneration 1, sustain attributes
a: no special abilities


You were on level 2 of the Orcish Mines.
You were not hungry.

You visited 2 branches of the dungeon, and saw 12 of its levels.

You collected 973 gold pieces.
You spent 420 gold pieces at shops.

Inventory:

Hand Weapons
 a - a +1 short sword of electrocution
 O - a +3 double sword of protection (weapon)
Missiles
 G - a throwing net (quivered)
Armour
 c - a +0 shield (worn)
 n - a +0 helmet
 I - a +0 cloak (worn)
 T - a +0 chain mail (worn)
Jewellery
 w - a ring of protection from magic (left hand)
 B - an uncursed ring of flight
 E - a +3 ring of protection (right hand)
 F - an uncursed ring of see invisible
Wands
 u - a wand of polymorph (10/24)
 M - a wand of iceblast (0/15)
 N - a wand of polymorph (3/24)
 Q - a wand of lightning (0/15)
Scrolls
 g - 4 scrolls of enchant armour {unknown}
 h - 4 scrolls of teleportation
 l - a scroll of blinking {unknown}
 m - 2 scrolls of recharging {unknown}
 r - 5 scrolls of remove curse
 s - a scroll of noise {unknown}
 v - 3 scrolls of immolation {unknown}
 x - a scroll of vulnerability {unknown}
 y - a scroll of random uselessness {unknown}
 z - a scroll of fog {unknown}
 C - 3 scrolls of enchant weapon {unknown}
 J - 2 scrolls of fear {unknown}
Potions
 d - 2 potions of might
 e - 2 potions of resistance
 j - a potion of invisibility
 o - 2 potions of agility
 p - a potion of haste
 t - a potion of mutation {unknown}
 D - a potion of cure mutation
 H - a potion of ambrosia {unknown}
 L - a potion of lignification
 P - a potion of cancellation {unknown}
Books
 b - a Necronomicon

   Spells                             Type                      Level
   a - Haunt                          Necromancy/Summoning         7
   b - Borgnjor's Revivification      Necromancy                   8
   c - Death's Door                   Charms/Necromancy            8
   d - Infestation                    Necromancy                   8
   e - Necromutation                  Transmutation/Necromancy     8
Comestibles
 f - 5 bread rations
 k - 2 meat rations
 A - 2 chunks of flesh


   Skills:
 - Level 9.0(7.8) Fighting
 * Level 11.7(10.4) Long Blades
 - Level 2.6(1.6) Armour
 * Level 1.2(0.2) Dodging
 - Level 2.6(1.6) Shields
 * Level 6.0(4.8) Evocations


You had 9 spell levels left.
You didn't know any spells.

Dungeon Overview and Level Annotations

Branches:
Dungeon (10/15)            Temple (0/1) D:4            Lair (0/6) D:8
    Orc (2/2) D:10
    Elf: Orc:2

Shops:
D:6 =   D:7 %((=*

Annotations:
Orc:2 Torax's ghost, journeyman SpWr


Innate Abilities, Weirdness & Mutations

You have an increased reservoir of magic. (+10% MP)
Your attributes are resistant to harm.
You have a pair of small horns on your head.
You are partially covered in rough black scales. (AC +4, Dex -1)
You are agile. (Dex +2)
Scrolls take you longer to read.
Armour fits poorly on your strangely shaped body.
You passively map a small area around you.
You regenerate slowly when monsters are visible.


Message History

The chaos spawn hits you!
* * * LOW HITPOINT WARNING * * *
You are confused.
The orc priest barely misses you.
The orc warrior hits you from afar with a halberd!
* * * LOW HITPOINT WARNING * * *
The orc priest casts a cantrip, but nothing happens.
An ice devil comes into view.
Unknown command.
Unknown command.
Unknown command.
Unknown command.
You feel better.
You are engulfed in a cloud of scalding steam.
* * * LOW HITPOINT WARNING * * *
The orc priest looks braver for a moment.
The orc hits you but does no damage. x2
The smoke demon gestures at you. The ball of steam hits you!
The chaos spawn hits you.
You die...

, , * ,
, ## , ,
*##.# ,
* #..4#
** , ,
#.#.# ,
,* ,
#..o# ,
**#.o3##
, #o3@#
, * * ,
##ooo# ,
* ,
##ooo# ,
,
#o..o#,
* , , *
,
#.#..o.
* ,


oo.ooo.. ...#.#o#. *#.. .o.., , o You could see an orc knight (wandering), an
ice devil, a smoke demon, a chaos spawn, 5 orc warriors, 5 orc priests and 8
orcs.

Vanquished Creatures
  Erolcha (D:8)
  The ghost of tstbtto the Carver, a novice HEFi of Okawaru (D:8)
  A centaur zombie (D:9)
  A rime drake (D:9)
  3 trolls
  A wyvern (D:8)
  A steam dragon (D:10)
  3 vampire mosquitoes (D:10)
  Menkaure (D:6)
  2 water moccasins
  3 orc warriors
  3 sky beasts
  2 black bears
  A necrophage (D:8)
  2 ice beasts
  5 ogres
  2 phantoms
  5 centaurs
  4 big kobolds
  7 giant frogs
  A water moccasin zombie (D:8)
  5 scorpions
  3 killer bees (D:7)
  3 wights (D:6)
  8 crimson imps
  A quasit (D:10)
  5 hounds
  A centaur skeleton (D:3)
  5 orc priests
  2 jellies
  A gnoll shaman (D:6)
  3 giant frog skeletons
  Ijyb (D:2)
  3 iguanas
  12 orc wizards
  4 worker ants
  A killer bee zombie (D:8)
  A howler monkey zombie (D:6)
  A worker ant zombie (D:8)
  A howler monkey skeleton (D:6)
  12 gnolls
  15 adders
  4 shadow imps
  2 oozes
  An adder zombie (D:10)
  2 adder skeletons (D:9)
  4 worms
  A dart slug (D:3)
  2 giant geckos
  49 orcs
  3 giant cockroaches
  8 hobgoblins
  17 jackals
  6 quokkas
  3 ball pythons
  12 bats
  A giant gecko skeleton (D:6)
  A giant gecko zombie (D:6)
  5 giant newts
  6 goblins
  2 jackal skeletons
  36 kobolds
  7 rats
  A spectral orc (D:6)
311 creatures vanquished.

Vanquished Creatures (others)
  8 plants (D:5)
8 creatures vanquished.

Grand Total: 319 creatures vanquished

Notes
Turn   | Place    | Note
-------+----------+-------------------------------------------
     0 | D:1      | retryentry the Demigod Fighter began the quest for the Orb.
     0 | D:1      | Reached XP level 1. HP: 18/18 MP: 3/3
    54 | D:1      | Reached skill level 2 in Long Blades
   184 | D:1      | Reached XP level 2. HP: 25/26 MP: 4/4
   735 | D:2      | Noticed Ijyb
   749 | D:2      | Killed Ijyb
   749 | D:2      | Reached XP level 3. HP: 27/33 MP: 5/5
   810 | D:2      | Found a shimmering altar of Xom.
  1112 | D:2      | Reached XP level 4. HP: 30/40 MP: 6/6
  1149 | D:2      | Found a shattered altar of Ashenzari.
  1240 | D:2      | Reached skill level 3 in Long Blades
  1995 | D:3      | Reached XP level 5. HP: 28/47 MP: 7/7
  2145 | D:5      | Entered Level 5 of the Dungeon
  2517 | D:4      | Reached skill level 4 in Long Blades
  3206 | D:4      | Found a staircase to the Ecumenical Temple.
  3235 | D:4      | Found a white marble altar of Elyvilon.
  3313 | D:4      | Reached XP level 6. HP: 30/55 MP: 7/9
  3549 | D:4      | Identified the Collected Works on Mutagenic Self-Improvement
  3711 | D:5      | Reached skill level 5 in Fighting
  3711 | D:5      | Reached skill level 1 in Evocations
  4035 | D:5      | Reached skill level 5 in Long Blades
  4427 | D:5      | Reached XP level 7. HP: 50/61 MP: 9/11
  5470 | D:6      | Reached skill level 6 in Long Blades
  5522 | D:6      | Reached XP level 8. HP: 47/71 MP: 11/13
  5535 | D:6      | Gained mutation: Scrolls take you a little longer to read. [mutagenic meat]
  5538 | D:6      | Gained mutation: You passively map a small area around you. [mutagenic meat]
  5544 | D:6      | Gained mutation: Scrolls take you longer to read. [mutagenic meat]
  5547 | D:6      | Gained mutation: You are agile. (Dex +2) [mutagenic meat]
  5915 | D:6      | Found a basalt altar of Yredelemnul.
  6184 | D:7      | Found Mef Ippesh's Jewellery Shop.
  6185 | D:7      | Noticed Menkaure
  6427 | D:6      | Killed Menkaure
  6429 | D:6      | Reached skill level 7 in Long Blades
  6699 | D:7      | Found an opulent altar of Gozag.
  6779 | D:7      | Found Biozakuo's Weapon Boutique.
  6783 | D:7      | Found Uhaogier's Assorted Antiques.
  6813 | D:7      | Found Kaip Zupn's Antique Weapon Boutique.
  6829 | D:7      | Found a blossoming altar of Fedhas.
  6829 | D:7      | Found a glowing golden altar of the Shining One.
  6910 | D:7      | Found a snail-covered altar of Cheibriados.
  7012 | D:7      | Reached XP level 9. HP: 72/81 MP: 15/15
  7117 | D:7      | Found Raeggid's Food Emporium.
  7153 | D:7      | Reached skill level 8 in Long Blades
  7157 | D:7      | Gained mutation: You have a pair of small horns on your head. [mutagenic meat]
  7160 | D:7      | Gained mutation: You regenerate slowly when monsters are visible. [mutagenic meat]
  7163 | D:7      | Gained mutation: Armour fits poorly on your strangely shaped body. [mutagenic meat]
  7166 | D:7      | Gained mutation: You are partially covered in rough black scales. (AC +4, Dex -1) [mutagenic meat]
  7290 | D:8      | Noticed Erolcha
  7290 | D:8      | Noticed tstbtto's ghost (novice HEFi)
  7664 | D:8      | Killed Erolcha
  7898 | D:7      | Bought a +3 double sword of protection for 420 gold pieces
  7976 | D:7      | Reached skill level 9 in Long Blades
  8252 | D:8      | Reached skill level 5 in Evocations
  8374 | D:8      | Found an oddly glowing altar of Pakellas.
  8417 | D:8      | Reached XP level 10. HP: 80/91 MP: 17/17
  8496 | D:8      | Killed tstbtto's ghost
  8496 | D:8      | Reached skill level 10 in Long Blades
  8546 | D:8      | Noticed a dagger
  8547 | D:8      | Noticed a hand axe
  8556 | D:8      | Found a hide-covered altar of Uskayaw.
  8919 | D:8      | Found a staircase to the Lair.
  9726 | D:9      | Found a burning altar of Makhleb.
  9933 | D:10     | Entered Level 10 of the Dungeon
  9966 | D:9      | Reached skill level 11 in Long Blades
 10340 | D:10     | HP: 4/91 [vampire mosquito (8)]
 10943 | D:10     | Found a roughly hewn altar of Beogh.
 10947 | D:10     | Reached skill level 1 in Dodging
 11015 | D:10     | Found a staircase to the Orcish Mines.
 11150 | Orc:1    | Entered Level 1 of the Orcish Mines
 11246 | Orc:1    | Found a burning altar of Makhleb.
 11434 | Orc:2    | Entered Level 2 of the Orcish Mines
 11582 | Orc:2    | Noticed Torax's ghost (journeyman SpWr)
 11650 | Orc:2    | Noticed a smoke demon
 11652 | Orc:2    | HP: 2/91 [orc warrior/halberd (9)]
 11653 | Orc:2    | Slain by a chaos spawn

Vault maps used:
D:1:      sevenhm_arrival_forest_fort_large_2, serial_park_tiny_2,
          interstate_on_off, minivault_5, dk_noncrumbling_3
D:2:      nicolae_overflow_crystal_walls, old_standard_altar, uniq_iyjb
D:3:      first_bread
D:4:      elyvilon_altar_5
D:5:      kennysheep_kobold_camp
D:6:      yredelemnul_forgotten_temple_becter
D:7:      nicolae_overflow_hidden_temple, grunt_gozag_statues,
          grunt_temple_overflow_open, serial_shops,
          nicolae_shop_overgrown_old_shop, shop_statue, nicolae_shop_trees,
          nicolae_shop_crystal, nicolae_shop_temple_entry_statues_fountains,
          uniq_menkaure
D:8:      dancing_weapons_uskayaw, gammafunk_pakellas_cloud_experiment,
          lair_0_dummy, uniq_erolcha
D:9:      kennysheep_mini_moat
D:10:     david_orc_5
Orc:1:    basic_altar
Orc:2:    pf_orc_diabolical, mines_bat_river, uniq_rupert, uniq_donald,
          uniq_sonja

Skill      XL: |  1  2  3  4  5  6  7  8  9 10 |
---------------+-------------------------------+-----
Long Blades    | 2 3 4 5 6 7 9 11 | 11.7
Fighting       | 3 4 5 6 8 9 |  9.0
Evocations     | 1 2 4 5 6 |  6.0
Dodging        | 1 |  1.2
Armour         | |  2.6
Shields        | |  2.6

Action                   |  1- 3 |  4- 6 |  7- 9 | 10-12 || total
-------------------------+-------+-------+-------+-------++-------
Melee: Long sword        |   105 |   304 |   111 |       ||   520
       Dagger            |       |    22 |   330 |       ||   352
       Double sword      |       |       |   101 |   297 ||   398
       Headbutt          |       |       |    45 |    59 ||   104
Evoke: Wand              |       |     2 |    11 |     7 ||    20
  Use: Scroll            |       |       |     9 |     4 ||    13
       Potion            |       |       |       |     4 ||     4
  Eat: Chunk             |     1 |     5 |    22 |     9 ||    37
       Royal jelly       |       |     1 |       |     1 ||     2
       Bread ration      |       |     1 |       |       ||     1
Armor: Scale mail        |    58 |    94 |       |       ||   152
       Plate armour      |       |    34 |   348 |   177 ||   559
       Chain mail        |       |       |       |    75 ||    75
Dodge: Dodged            |    30 |    56 |    71 |    42 ||   199
Block: Shield            |    48 |   134 |   296 |   175 ||   653
